 Dungeon Crawl Stone Soup version 0.31-a0-995-g04711c9635 (webtiles) character file.

Game seed: 2064195939764085577

32 CrazyBamboolord the Changeling (level 3, -3/35 HPs)
             Began as an Ogre Shapeshifter on Nov 6, 2023.
             Slain by Terence
             ... wielding a +0 flail
              (4 damage)
             ... on level 2 of the Dungeon.
             The game lasted 00:01:43 (1217 turns).

CrazyBamboolord the Changeling (Ogre Shapeshifter)  Turns: 1217, Time: 00:01:44

Health: -3/35      AC:  3    Str: 20    XL:     3   Next: 27%
Magic:  3/3        EV:  9    Int: 17    God:
Gold:   27         SH:  0    Dex:  8    Spells: 2/2 levels left

rFire   . .          .
                       - Unarmed
rCold   . . .        (no shield)
rNeg    . . .        a - +0 animal skin
rPois   .            (helmet currently unavailable)
rElec   .            (cloak currently unavailable)
rCorr   .            (gloves unavailable)
SInv    .            (boots unavailable)
Will    .....        o - amulet of regeneration
Stlth   +            l - +6 ring of intelligence
HPRegen 0.25/turn    (no ring)
MPRegen 0.08/turn

%: no passive effects
@: beast-form
A: beast (slay +1), large, unfitting armour, tough skin 1
a: Begin Untransformation


You were on level 2 of the Dungeon.
You were a hulking beast.
You visited 1 branch of the dungeon, and saw 2 of its levels.

You collected 27 gold pieces.

Inventory:

Missiles
 h - 17 stones
Armour
 a - a +0 animal skin (worn)
 j - a scarf of invisibility
Jewellery
 l - a +6 ring of intelligence (left hand)
 o - an amulet of regeneration (around neck)
Talismans
 c - a beast talisman
 d - a flux talisman
Scrolls
 f - a scroll of fear {unknown}
 g - a scroll of fog {unknown}
 i - a scroll of enchant weapon {unknown}
 m - a scroll of teleportation {unknown}
Potions
 b - 2 potions of lignification
 e - 2 potions of curing {unknown}
 k - a potion of haste {unknown}
 n - a potion of berserk rage {unknown}


   Skills:
 + Level 2.1 Fighting
 * Level 2.2 Dodging
 * Level 3.0 Unarmed Combat
 * Level 3.3 Shapeshifting


You had 2 spell levels left.
You didn't know any spells.
Your spell library was empty.

Dungeon Overview and Level Annotations

Branches:
Dungeon (2/15)

Altars:

Annotations:
D:2 Terence


Innate Abilities, Weirdness & Mutations

You are a hulking beast.
Your limbs bulge with bestial killing power. (Slay +1)
You are too large for most types of armour.
You have tough skin. (AC +1)


Message History

No target in view!
You see here a rat corpse.
o - an amulet of regeneration Terence the Incautious comes into view.
He is wielding a +0 flail.
Terence shouts!
You start putting on your amulet.
You continue putting on your amulet of regeneration. x5
Terence hits you with a +0 flail!
You finish putting on your amulet of regeneration.
The amulet cannot attune itself to your injured body.
o - an amulet of regeneration (around neck)
You hit Terence.
Terence is lightly wounded.
Terence hits you with a +0 flail!
You hit Terence.
Terence is lightly wounded.
Terence barely misses you.
You punch Terence!
Terence is heavily wounded.
Terence hits you with a +0 flail.
You hit Terence.
Terence is severely wounded.
Terence completely misses you.
You barely miss Terence.
Terence is severely wounded.
Terence hits you with a +0 flail.
You hit Terence but do no damage.
Terence is severely wounded.
Terence hits you with a +0 flail.
* * * LOW HITPOINT WARNING * * *
You hit Terence but do no damage.
Terence is severely wounded.
Terence barely misses you.
You hit Terence.
Terence is almost dead.
Terence hits you with a +0 flail!
* * * LOW HITPOINT WARNING * * *
Terence attacks as he pursues you! Terence hits you with a +0 flail.
You die...
Terence says, "That felt goooood."

# #.# #. #. #.# #.# ##' ## #.##
#.####### ##.. .## ####..#
###.......###... ..## ##.###.#
#......##.##...†
...####...##.#####†##...#........
...'.............................
<..####.........>#.#....#........
..## ##.###.###h#.#.#..#####....
.## #.###.# #@#.#.##.# ##... ##
#.....# #.#......#######.. #
#.##### #.............###+
#.........###.#.#.###.# #.
#.#######.# #.#.#.###.# #. # #.#
#.# #......<#.###. #### #.# #.#
###.#.#.#.##.. ...# #.# #..
.....#.#.#...


You could see Terence.

Vanquished Creatures
  An adder (D:2)
  6 bats
  6 hobgoblins
  A kobold (D:1)
  2 quokkas (D:1)
  A ball python (D:2)
  A frilled lizard (D:2)
  A goblin (D:1)
  2 rats (D:2)
21 creatures vanquished.

Notes
Turn   | Place    | Note
-------+----------+-------------------------------------------
     0 | D:1      | CrazyBamboolord the Ogre Shapeshifter began the quest for
                  | the Orb.
     0 | D:1      | Reached XP level 1. HP: 19/19 MP: 1/1
   179 | D:1      | Reached XP level 2. HP: 24/27 MP: 2/2
   481 | D:1      | Found a faded altar of an unknown god.
  1020 | D:2      | Reached XP level 3. HP: 27/35 MP: 3/3
  1201 | D:2      | Noticed Terence
  1216 | D:2      | HP: 1/35 [Terence/+0 flail (10)]
  1217 | D:2      | Slain by Terence

Illustrated notes

Levels and vault maps discovered:
D:1:      eino_arrival_druids_welcome, layout_loops_ring,
          chequers_ecumenical_altar_twisty
D:2:      layout_loops_corners, corexii_shack, uniq_terence

Skill      XL: |  1  2 |
---------------+-------+-----
Dodging        | 2 |  2.2
Unarmed Combat | 3 |  3.0
Fighting       | 2 |  2.1
Shapeshifting  | |  3.3

Action                     || total
---------------------------++-------
  Melee: Unarmed           ||    88
         Punch             ||     1
 Armour: Animal skin       ||    55
  Dodge: Dodged            ||    45

Table legend: (Time is in decaauts)
 A = Elapsed time spent in this place.
 B = Non-inter-level travel time spent in this place.
 C = Inter-level travel time spent in this place.
 D = Time resting spent in this place.
 E = Time spent auto-exploring this place.
 F = Levels seen in this place.
 G = Mean time per level.
                   A        B        C        D        E       F      G
               +--------+--------+--------+--------+--------+-----+--------+
         Total |   1211 |   1133 |     78 |      0 |    950 |   2 |  605.5 |
       Dungeon |   1211 |   1133 |     78 |      0 |    950 |   2 |  605.5 |
               +--------+--------+--------+--------+--------+-----+--------+

Top non-repeatable levels by time:
     D:1: 746 daAuts
     D:2: 464 daAuts
